 Dungeon Sprint DCSS version 0.30-a0-381-g6ea064c7b4 (webtiles) character file.

Game seed: 4786030984120021199

9 rocky1 the Trooper (level 2, 0/33 HPs)
             Began as an Ogre Fighter on Dec 2, 2022.
             Was a Priest of Cheibriados.
             Slain by a jackal (3 damage)
             ... while paralysed by a floating eye
             ... in the Dungeon (Sprint VII: "The Pits").
             The game lasted 00:00:54 (173 turns).

rocky1 the Trooper (Ogre Fighter)                    Turns: 173, Time: 00:00:54

Health: 0/33       AC:  3    Str: 26    XL:     2   Next: 16%
Magic:  2/2        EV:  1    Int: 16    God:    Cheibriados [***...]
Gold:   0          SH:  0    Dex: 15    Spells: 1/1 levels left

rFire   . . .      SeeInvis .    a - +0 flail
rCold   . . .      Faith    .    c - +0 kite shield
rNeg    . . .      Spirit   .    b - +0 robe
rPois   .          Reflect  .    (helmet restricted)
rElec   .          Harm     .    (no cloak)
rCorr   .          Rampage  .    (gloves unavailable)
Will    .....      NoTele   +    (boots unavailable)
Stlth   +.........               (no amulet)
HPRegen 0.25/turn                (no ring)
MPRegen 0.08/turn                (no ring)

@: paralysed, very slow
A: large, unfitting armour, tough skin 1
a: Renounce Religion, Bend Time, Temporal Distortion


You were in the Dungeon.
You worshipped Cheibriados.
Cheibriados was most pleased with you.
You visited 1 branch

Inventory:

Hand Weapons
 a - a +0 flail (weapon)
Armour
 b - a +0 robe (worn)
 c - a +0 kite shield (worn)
Scrolls
 j - a scroll of blinking
 l - 5 scrolls of amnesia
 m - a scroll of summoning
Potions
 d - a potion of might
 e - a potion of curing
 f - a potion of heal wounds
 g - a potion of haste
 h - 4 potions of magic
 i - 3 potions of berserk rage
 k - 2 potions of invisibility


   Skills:
 + Level 4.7 Fighting
 * Level 2.5 Maces & Flails
 - Level 3.0 Dodging
 * Level 3.8 Shields
 + Level 1.0 Invocations


You had one spell level left.
You didn't know any spells.
Your spell library was empty.

Dungeon Overview and Level Annotations

Branches:
Dungeon (1/1)

Altars:
Ashenzari
Cheibriados
Dithmenos
Elyvilon
Fedhas
Gozag
Hepliaklqana
Kikubaaqudgha
Makhleb
Nemelex Xobeh
Okawaru
Qazlal
Ru
Sif Muna
Trog
Uskayaw
Vehumet
Wu Jian
Xom
Yredelemnul
Zin
The Shining One
Jiyva
Lugonu


Innate Abilities, Weirdness & Mutations

You are too large for most types of armour.
You have tough skin. (AC +1)


Message History

The jackal bites you. x3
You can move again.
You closely miss the jackal.
The jackal bites you but does no damage.
The jackal closely misses you.
The jackal bites you but does no damage. x2
You sock the jackal!
You kill the jackal!
Cheibriados appreciates the change of pace.
Cheibriados raises the support of your attributes as your movement slows.
You block the jackal's attack.
Your Invocations skill increases to level 1!
You closely miss the jackal. You block something's attack.
The jackal bites you. The floating eye seems to glare at you.
You block something's attack. The jackal barely misses you.
You hit something but do no damage. The jackal bites you.
Something hits you but does no damage.
The jackal bites you but does no damage.
You hit the floating eye.
The floating eye is severely wounded.
You block the jackal's attack.
A sky beast appears from thin air!
Reactivating autopickup.
The sky beast hits you but does no damage.
You block the jackal's attack.
Unknown command.
You barely miss the sky beast.
The floating eye gazes piercingly through you!
You suddenly lose the ability to move!
The sky beast hits you. The sky beast shocks you.
The jackal bites you but does no damage.
The sky beast hits you but does no damage.
The floating eye's stare focuses on you.
The jackal bites you. The jackal bites you. The sky beast hits you.
* * * LOW HITPOINT WARNING * * *
The sky beast shocks you.
* * * LOW HITPOINT WARNING * * *
The jackal bites you.
You die...

#_________.#
#_______...###########++
##########'##...........
#.?(.')))'.##......#..#.
##########.##...........
#..........)'...........
#+#####'#####......#..#.
#...Gh# #...........
#..hY@# ####'#####++
###'### #.......#
#.....# #.......#
#..G..# #.......#
####'## #...<...# ..h
#.......# .....
#.......# #######
#.......# #########


You could see a sky beast, a floating eye (charged) and 2 jackals.

Vanquished Creatures
  An orc (D)
  4 jackals (D)
  A bat (D)
  A frilled lizard (D)
  A kobold (D)
8 creatures vanquished.

Notes
Turn   | Place    | Note
-------+----------+-------------------------------------------
     0 | D        | rocky1 the Ogre Fighter began the quest for the Orb.
     0 | D        | Reached XP level 1. HP: 24/24 MP: 1/1
    42 | D        | Found a bloodstained altar of Trog.
    42 | D        | Found a shimmering blue altar of Sif Muna.
    42 | D        | Found a viscous altar of Jiyva.
    42 | D        | Found a hazy altar of Hepliaklqana.
    42 | D        | Found an opulent altar of Gozag.
    43 | D        | Found a glowing golden altar of the Shining One.
    43 | D        | Found a glowing silver altar of Zin.
    43 | D        | Found a basalt altar of Yredelemnul.
    43 | D        | Found a shimmering altar of Xom.
    43 | D        | Found an ornate altar of the Wu Jian Council.
    43 | D        | Found a sacrificial altar of Ru.
    43 | D        | Found a stormy altar of Qazlal.
    43 | D        | Found an iron altar of Okawaru.
    43 | D        | Found a sparkling altar of Nemelex Xobeh.
    43 | D        | Found a burning altar of Makhleb.
    43 | D        | Found a blossoming altar of Fedhas.
    43 | D        | Found a white marble altar of Elyvilon.
    43 | D        | Found a shadowy altar of Dithmenos.
    43 | D        | Found a snail-covered altar of Cheibriados.
    47 | D        | Found a corrupted altar of Lugonu.
    47 | D        | Found a radiant altar of Vehumet.
    48 | D        | Found a broken altar of Ashenzari.
    48 | D        | Found an ancient bone altar of Kikubaaqudgha.
    48 | D        | Found a hide-covered altar of Uskayaw.
    54 | D        | Became a worshipper of Cheibriados the Contemplative
    76 | D        | Reached * piety under Cheibriados
   100 | D        | Reached ** piety under Cheibriados
   103 | D        | Reached XP level 2. HP: 21/33 MP: 2/2
   154 | D        | Noticed a sky beast
   154 | D        | Noticed a floating eye
   159 | D        | Reached *** piety under Cheibriados
   162 | D        | Paralysed by a floating eye for 4 turns
   168 | D        | Reached skill level 1 in Invocations
   171 | D        | Paralysed by a floating eye for 3 turns
   173 | D        | Slain by a jackal

Illustrated notes

Levels and vault maps discovered:
D:        pitsprint [storerooms_1, entrance_room_1, metal_vault_2, armoury_2,
          mini_pit_1, grid_room_1, main_hall_1, silver_pit, the_coven_1,
          the_vestibule_1, steel_vault_1, golden_pit, hallway_of_sentries,
          crystal_vault_2, iron_vault_1, final_vault]

Skill      XL: |  1  2 |
---------------+-------+-----
Dodging        | 3 |  3.0
Maces & Flails | 2 |  2.5
Invocations    | 1 |  1.0
Fighting       | |  4.7
Shields        | |  3.8

Action                   || total
-------------------------++-------
Melee: Flail             ||    29
Armor: Robe              ||    23
Dodge: Dodged            ||    16
Block: Kite shield       ||    20

Table legend: (Time is in decaauts)
 A = Elapsed time spent in this place.
 B = Non-inter-level travel time spent in this place.
 C = Inter-level travel time spent in this place.
 D = Time resting spent in this place.
 E = Time spent auto-exploring this place.
 F = Levels seen in this place.
 G = Mean time per level.
                   A        B        C        D        E       F      G
               +--------+--------+--------+--------+--------+-----+--------+
         Total |    195 |    195 |      0 |     58 |      0 |   1 |  195.0 |
       Dungeon |    195 |    195 |      0 |     58 |      0 |   1 |  195.0 |
               +--------+--------+--------+--------+--------+-----+--------+

Top non-repeatable levels by time:
       D: 195 daAuts
